 Dungeon Sprint DCSS version 0.18.1-50-g88ac8fd (webtiles) character file.

7643 CountDeLaPain the Severer (level 10, -10/111 HPs)
             Began as a Minotaur Berserker on Oct 17, 2016.
             Was the Champion of Trog.
             Mangled by a catoblepas (15 damage)
             ... in the Dungeon (Sprint IX: "|||||||||||||||||||||||||||||").
             The game lasted 00:04:26 (696 turns).

CountDeLaPain the Severer (Minotaur Berserker)       Turns: 696, Time: 00:04:27

Health: -10/111    AC: 12    Str: 22    XL:     10   Next: 99%
Magic:  9/9        EV:  2    Int:  7    God:    Trog [******]
Gold:   0          SH:  0    Dex: 10    Spells: 0 memorised, 9 levels left

rFire  . . .     SeeInvis .     x - +6 battleaxe (venom)
rCold  . . .     Gourm    .     p - +2 ring mail
rNeg   + + +     Faith    .     (shield currently unavailable)
rPois  ∞         Spirit   .     (helmet restricted)
rElec  .         Dismiss  .     n - +0 cloak
rCorr  .         Reflect  .     (no gloves)
SustAt .         Harm     .     (no boots)
MR     .....     NoTele   +     (no amulet)
Stlth  ..........               r - +2 ring of protection
                                q - +2 ring of evasion

@: exhausted, petrified, slowed, not resistant to hostile enchantments,
extremely unstealthy
A: retaliatory headbutt, horns 2
a: Berserk, Trog's Hand, Brothers in Arms, Burn Spellbooks, Renounce Religion


You were in the Dungeon.
You worshipped Trog.
Trog was exalted by your worship.
You were very hungry.

You visited 1 branch

Inventory:

Hand Weapons
 a - a +0 hand axe
 o - a +3 war axe of chopping
 x - a +6 battleaxe of venom (weapon)
 y - a +3 antimagic battleaxe
Armour
 b - a +0 animal skin
 n - a +0 cloak (worn)
 p - a +2 ring mail (worn)
Jewellery
 q - a +2 ring of evasion (left hand)
 r - a +2 ring of protection (right hand)
Wands
 m - a wand of acid (7/15)
Scrolls
 i - 2 scrolls of blinking
 l - 4 scrolls of remove curse
 t - a scroll of identify
 u - 4 scrolls of enchant armour
 v - a scroll of fog
 w - a scroll of fear
Potions
 d - 9 potions of curing
 e - 2 potions of heal wounds
 f - a potion of haste
 g - 4 potions of magic
 h - a potion of berserk rage
 k - a potion of invisibility
 s - a potion of cure mutation
Comestibles
 c - a bread ration
 j - 2 chunks of flesh


   Skills:
 + Level 17.2 Fighting
 + Level 19.1 Axes
 + Level 10.4 Armour
 + Level 12.3 Dodging


You had 9 spell levels left.
You didn't know any spells.

Dungeon Overview and Level Annotations

Branches:
Dungeon (1/1)

Altars:
Cheibriados
Dithmenos
Elyvilon
Fedhas
Gozag
Kikubaaqudgha
Makhleb
Nemelex Xobeh
Okawaru
Pakellas
Qazlal
Ru
Sif Muna
Trog
Vehumet
Xom
Yredelemnul
Zin
The Shining One
Beogh
Jiyva
Lugonu


Innate Abilities, Weirdness & Mutations

You reflexively headbutt those who attack you in melee.
You have a pair of horns on your head.


Message History

You are engulfed in calcifying dust.
Your skin stops crawling.
You feel less resistant to hostile enchantments.
Your limbs are stiffening.
You slice the catoblepas!!
The catoblepas is poisoned.
The catoblepas is moderately wounded.
You are engulfed in calcifying dust.
The catoblepas breathes a plume of calcifying dust at you.
The blast of calcifying dust hits you! The catoblepas gores you!!
* * * LOW HITPOINT WARNING * * *
You have turned to stone.
The catoblepas gores you!
* * * LOW HITPOINT WARNING * * *
The catoblepas gores you but does no damage.
The catoblepas gores you.
* * * LOW HITPOINT WARNING * * *
The catoblepas gores you!
* * * LOW HITPOINT WARNING * * *
The catoblepas gores you!!
You die...

▓▓▓▓▓▓▓▓▓▓▓▓▓▓▓▓▓▓▓▓▓▓▓▓
......'.)†....§§@Y......
▓▓▓▓▓▓▓▓▓▓▓▓▓▓▓▓▓▓▓▓▓▓▓▓▓▓▓▓▓▓▓▓▓
.................................
▓▓▓▓▓▓▓▓▓▓▓▓▓▓▓▓▓▓▓▓▓▓▓▓▓▓▓▓▓▓▓▓▓
______________'.?|).[...)((....')
▓▓▓▓▓▓▓▓▓▓▓▓▓▓▓▓▓▓▓▓▓▓▓▓▓▓▓▓▓▓▓▓▓


You could see a catoblepas.

Vanquished Creatures
  3 catoblepae (D)
  2 centaur warriors (D)
  3 death yaks (D)
  2 spiny frogs (D)
  A troll (D)
  2 yaks (D)
  A basilisk (D)
  A mottled dragon (D)
  2 water moccasins (D)
  2 porcupines (D)
  A sky beast (D)
  2 ogres (D)
  2 crocodiles (D)
  2 giant frogs (D)
  A crimson imp (D)
  A quasit (D)
  2 iguanas (D)
  A worker ant (D)
  2 sheep (D)
  2 river rats (D)
  An adder skeleton (D)
  A dart slug (D)
  An orc (D)
  A giant cockroach (D)
  A goblin (D)
  A hobgoblin (D)
  A jackal (D)
  A quokka (D)
  A ball python skeleton (D)
  A bat (D)
  A rat (D)
46 creatures vanquished.

Vanquished Creatures (others)
  A yak (D)
1 creature vanquished.

Grand Total: 47 creatures vanquished

Notes
Turn   | Place    | Note
--------------------------------------------------------------
     0 | D        | CountDeLaPain the Minotaur Berserker began the quest for the Orb.
     0 | D        | Reached XP level 1. HP: 19/19 MP: 0/0
     4 | D        | Reached skill level 4 in Axes
     5 | D        | Reached ** piety under Trog
    31 | D        | Noticed a crimson imp
    35 | D        | Reached *** piety under Trog
    35 | D        | Reached XP level 2. HP: 28/28 MP: 1/1
    38 | D        | Reached skill level 5 in Fighting
    38 | D        | Reached skill level 5 in Axes
    42 | D        | Killed a crimson imp
    42 | D        | Reached skill level 6 in Axes
    42 | D        | Reached XP level 3. HP: 34/37 MP: 2/2
    43 | D        | Reached **** piety under Trog
    52 | D        | Found a glowing silver altar of Zin.
    52 | D        | Found a glowing golden altar of the Shining One.
    52 | D        | Found an ancient bone altar of Kikubaaqudgha.
    52 | D        | Found a basalt altar of Yredelemnul.
    52 | D        | Found a shimmering altar of Xom.
    52 | D        | Found a radiant altar of Vehumet.
    53 | D        | Found an iron altar of Okawaru.
    54 | D        | Found a burning altar of Makhleb.
    55 | D        | Found a deep blue altar of Sif Muna.
    56 | D        | Found a bloodstained altar of Trog.
    57 | D        | Found a sparkling altar of Nemelex Xobeh.
    58 | D        | Found a white marble altar of Elyvilon.
    59 | D        | Found a roughly hewn altar of Beogh.
    60 | D        | Found a viscous altar of Jiyva.
    61 | D        | Found a corrupted altar of Lugonu.
    62 | D        | Found a blossoming altar of Fedhas.
    63 | D        | Found a snail-covered altar of Cheibriados.
    64 | D        | Found a shadowy altar of Dithmenos.
    65 | D        | Found a stormy altar of Qazlal.
    66 | D        | Found an opulent altar of Gozag.
    67 | D        | Found a sacrificial altar of Ru.
    68 | D        | Found an oddly glowing altar of Pakellas.
   131 | D        | Noticed a troll
   131 | D        | Noticed an ogre
   131 | D        | Noticed a sky beast
   136 | D        | Killed a troll
   136 | D        | Reached skill level 9 in Axes
   136 | D        | Reached skill level 5 in Armour
   136 | D        | Reached skill level 5 in Dodging
   136 | D        | Reached XP level 4. HP: 46/50 MP: 3/3
   136 | D        | Reached XP level 5. HP: 52/57 MP: 4/4
   138 | D        | Killed an ogre
   138 | D        | Reached skill level 10 in Fighting
   138 | D        | Reached skill level 10 in Axes
   138 | D        | Reached XP level 6. HP: 63/66 MP: 5/5
   140 | D        | Killed a sky beast
   140 | D        | Reached skill level 11 in Axes
   145 | D        | Reached ***** piety under Trog
   182 | D        | Noticed a centaur warrior
   182 | D        | Noticed a centaur warrior
   182 | D        | Noticed a basilisk
   182 | D        | Noticed a mottled dragon
   188 | D        | Killed a centaur warrior
   188 | D        | Reached skill level 13 in Axes
   188 | D        | Reached XP level 7. HP: 78/78 MP: 6/6
   188 | D        | Reached XP level 8. HP: 84/85 MP: 7/7
   193 | D        | Killed a centaur warrior
   193 | D        | Reached skill level 14 in Axes
   199 | D        | Reached XP level 9. HP: 95/95 MP: 8/8
   203 | D        | Reached skill level 15 in Axes
   383 | D        | Received a gift from Trog
   391 | D        | Reached ****** piety under Trog
   399 | D        | Received a gift from Trog
   538 | D        | Noticed a spiny frog
   542 | D        | Noticed a spiny frog
   545 | D        | Killed a spiny frog
   545 | D        | Reached skill level 15 in Fighting
   545 | D        | Reached skill level 16 in Axes
   554 | D        | Reached skill level 10 in Dodging
   557 | D        | Received a gift from Trog
   562 | D        | Killed a spiny frog
   654 | D        | Noticed a death yak
   654 | D        | Noticed a death yak
   654 | D        | Noticed a catoblepas
   654 | D        | Noticed a death yak
   654 | D        | Noticed a catoblepas
   658 | D        | Killed a death yak
   658 | D        | Reached skill level 17 in Axes
   658 | D        | Reached XP level 10. HP: 107/107 MP: 9/9
   661 | D        | Killed a death yak
   661 | D        | Received a gift from Trog
   661 | D        | Reached skill level 10 in Armour
   666 | D        | Killed a catoblepas
   666 | D        | Reached skill level 18 in Axes
   670 | D        | Killed a death yak
   673 | D        | Noticed a catoblepas
   675 | D        | Noticed a catoblepas
   676 | D        | Killed a catoblepas
   690 | D        | Killed a catoblepas
   690 | D        | Reached skill level 19 in Axes
   695 | D        | HP: 5/111 [catoblepas (5)]
   696 | D        | Mangled by a catoblepas

Skill      XL: |  1  2  3  4  5  6  7  8  9 10 |
---------------+-------------------------------+-----
Axes           | 4 6 9 10 13 14 17 19 | 19.1
Fighting       | 4 6 9 10 12 14 15 17 | 17.2
Armour         | 3 5 7 8 9 10 | 10.4
Dodging        | 3 5 7 9 10 12 | 12.3

Action                   |  1- 3 |  4- 6 |  7- 9 | 10-12 || total
-------------------------+-------+-------+-------+-------++-------
Melee: Hand axe          |    17 |       |       |       ||    17
       Headbutt          |     3 |     2 |    11 |     6 ||    22
       War axe           |     3 |    11 |    34 |       ||    48
       Battleaxe         |       |       |    23 |    23 ||    46
Invok: Berserk           |     1 |     1 |     2 |       ||     4
       Trog's Hand       |     1 |     1 |     2 |       ||     4
  Use: Potion            |       |       |       |     1 ||     1
  Eat: Chunk             |       |       |     3 |       ||     3
Armor: Animal skin       |     2 |       |       |       ||     2
       Ring mail         |     2 |     2 |     9 |     9 ||    22
Dodge: Dodged            |    20 |     9 |    23 |     4 ||    56
